 Dungeon Crawl Stone Soup version 0.13-a0-2485-g242ae62 (webtiles) character file.

421 Rycklaryybbe the Caller (level 5, -2/40 HPs)
             Began as a Djinni Summoner on July 21, 2013.
             Slain by a killer bee (4 damage)
             ... on Level 3 of the Dungeon.
             The game lasted 00:11:10 (3864 turns).

Rycklaryybbe the Caller (Djinni Summoner)           Turns: 3864, Time: 00:11:11

HP  -2/40        AC  5     Str  8      XL: 5   Next: 73%
MP   0/0         EV 10     Int 17      God:
Gold 190         SH  0     Dex 13      Spells:  3 memorised,  2 levels left

Res.Fire  : + + +   See Invis. : .   k - +1,+0 trident
Res.Cold  : x . .   Warding    : .   d - +0 leather armour
Life Prot.: + + +   Conserve   : .   (no shield)
Res.Poison: .       Res.Corr.  : .   f - +0 cap
Res.Elec. : .       Clarity    : .   h - +0 cloak
Sust.Abil.: . .     Spirit.Shd : .   p - +0 pair of gloves
Res.Mut.  : .       Stasis     : .   (boots unavailable)
Res.Rott. : .       Flight     : .   (no amulet)
Saprovore : . . .                    (no ring)
                                     (no ring)

@: quite poisoned, slightly resistant to hostile enchantments, unstealthy
A: no striking features
a: no special abilities


You were on level 3 of the Dungeon.
You were not hungry.

You visited 1 branch of the dungeon, and saw 4 of its levels.

You collected 170 gold pieces.

Inventory:

Hand weapons
 k - a +1,+0 trident (weapon)
 r - a +1,+1 whip of electrocution
 x - a +0,+0 long sword
 y - a +0,+0 dwarven broad axe
Armour
 a - a +0 robe
 d - a +0 leather armour (worn)
 f - a +0 cap (worn)
 h - a +0 cloak (worn)
 i - a +0 robe
 o - a +0 animal skin
 p - a +0 pair of gloves (worn)
Scrolls
 e - 3 scrolls of remove curse
 l - 4 scrolls of identify
 n - a scroll of amnesia {unknown}
 s - a scroll of curse weapon
Jewellery
 q - an uncursed amulet of clarity {unknown}
Potions
 c - a potion of flight {unknown}
 g - a potion of agility {unknown}
 j - a potion of resistance {unknown}
 m - a potion of heal wounds
 t - a potion of curing {unknown}
Books
 b - a book of Callings

   Spells                             Type                      Level
   *Summon Small Mammal               Summoning                    1
   *Call Imp                          Summoning                    2
   *Call Canine Familiar              Summoning                    3
   Summon Scorpions                   Summoning/Poison             4
   Summon Ice Beast                   Ice/Summoning                4


   Skills:
 - Level 2.1 Polearms
 - Level 1.7 Dodging
 - Level 1.5 Stealth
 - Level 2.1 Spellcasting
 + Level 6.4 Summonings


You had 2 spell levels left.
You knew the following spells:

 Your Spells              Type           Power        Failure   Level  Hunger
a - Summon Small Mammal   Summ           ###.         1%          1    #......
b - Call Imp              Summ           ###.......   1%          2    ##.....
c - Call Canine Familiar  Summ           ###.......   4%          3    ####...


Dungeon Overview and Level Annotations

Branches:
Dungeon (4/27)
 Temple: D:4-7

Altars:
Vehumet


Message History

The killer bee poisons you!
You feel sick. The killer bee stings you.
There is a stone staircase leading up here.
You feel sick.
The killer bee stings you but does no damage.
The killer bee stings you.
Your crimson imp closely misses the killer bee.
You climb upwards.
There is a stone staircase leading down here.
The killer bee stings you!
* * * LOW HITPOINT WARNING * * *
You are more poisoned.
The killer bee poisons you!
Casting: Call Imp
Confirm with . or Enter, or press ? or * to list all spells.
A beastly little devil appears in a puff of frigid air.
The killer bee stings you.
* * * LOW HITPOINT WARNING * * *
The killer bee stings you.
You die...

# # #################
# #.....5.@k......#
####
#.#############.#
...## #.# #.# ######
##..# #.# #.# #....<
....# #.# #.# #.####
###.#####.# #.# #.#
###.......# #.# #.#
#......####### #.#
#.#
#.#.#........########
#.# #.#


You could see a killer bee and a friendly white imp.

Vanquished Creatures
  2 orc wizards (D:3)
  An adder (D:3)
  5 worms
  A giant gecko (D:2)
  4 orcs (D:3)
  A ball python (D:1)
  5 bats
  2 giant cockroaches
  3 goblins
  4 hobgoblins
  2 jackals (D:3)
  3 kobolds
  2 quokkas
  2 giant newts
  5 rats
  A rat skeleton (D:3)
43 creatures vanquished.

Vanquished Creatures (collateral kills)
  A centaur skeleton (D:4)
  3 orc wizards (D:3)
  4 adders
  2 orcs (D:3)
  2 giant cockroaches
  A goblin (D:2)
  3 jackals (D:1)
  A giant newt (D:1)
  2 kobolds
  A rat (D:1)
20 creatures vanquished.

Vanquished Creatures (others)
  A quokka (D:3)
  A bat (D:1)
  3 jackals
  3 rats (D:2)
8 creatures vanquished.

Grand Total: 71 creatures vanquished

Notes
Turn   | Place    | Note
--------------------------------------------------------------
     0 | D:1      | Rycklaryybbe, the Djinni Summoner, began the quest for the Orb.
     0 | D:1      | Reached XP level 1. HP: 14/14 MP: 0/0
   442 | D:2      | Reached skill level 1 in Polearms
   442 | D:2      | Reached XP level 2. EP: 21/21
   524 | D:2      | Learned a level 2 spell: Call Imp
   579 | D:2      | Found a radiant altar of Vehumet.
  1064 | D:2      | Reached XP level 3. EP: 14/26
  2351 | D:3      | Reached skill level 5 in Summonings
  2355 | D:3      | Reached XP level 4. EP: 26/34
  2772 | D:3      | Learned a level 3 spell: Call Canine Familiar
  3085 | D:3      | Reached XP level 5. EP: 28/40
  3259 | D:3      | Reached skill level 6 in Summonings
  3864 | D:3      | HP: 2/40 [killer bee (2)]
  3864 | D:3      | Slain by a killer bee

Action                   |  1- 3 |  4- 6 || total
-------------------------+-------+-------++-------
Melee: Trident           |    66 |    55 ||   121
       Unarmed           |    11 |       ||    11
       Whip              |    25 |    34 ||    59
       Broad axe         |       |    11 ||    11
 Cast: Summon Small Mamm |    17 |     1 ||    18
       Call Imp          |     7 |     9 ||    16
       Call Canine Famil |       |     6 ||     6
  Use: Scroll            |       |     8 ||     8
       Potion            |       |     2 ||     2
 Stab: Sleeping          |     4 |       ||     4
       Distracted        |       |     1 ||     1
